AoeStats
← chiming

Black Forest

509663522Analyzed
3v3 RM · 6d ago on Sep 27, 2026· 50m 8s· 6 players
Game mode
Random Map
Map size
Normal (6 player)
Population
200
Speed
Normal
Resources
Standard
Victory
Conquest
Starting age
Dark Age
Ending age
Imperial Age
RankedLock teamsTeams togetherTeam positionsShared explorationLock speedFull tech treeHidden civsTurbo modeCheats
Victory
Defeat
🇧🇪 Varangians · Belgium
1072
+15
1063
+15
🇲🇽 Celts · Mexico
1039
+16
🇹🇼 Vietnamese · Taiwan
1073
-16
🇹🇼 Khmer · Taiwan
1067
-16
🇹🇼 Byzantines · Taiwan
1015
-14
jc9900
10:05 Feudal Age
10:41 Double-Bit Axe
10:37 Horse Collar
16:38 Castle Age
17:53 Bow Saw
17:44 Heavy Plow
17:35 Stone Mining
26:13 Loom
27:04 Wheelbarrow
29:48 Imperial Age
29:06 Hand Cart
28:36 Town Watch
30:33 Gold Mining
30:13 Capped Ram
31:03 Scale Mail Armor
31:13 Forging
32:05 Chemistry
30:33 Pikeman
31:38 Conscription
32:19 Gold Shaft Mining
32:19 Chain Mail Armor
31:56 Siege Ram
32:18 Onager
34:06 Furor Celtica
34:11 Heavy Scorpion
35:38 Plate Mail Armor
35:44 Iron Casting
35:42 Siege Engineers
35:53 Elite Woad Raider
36:03 Halberdier
43:06 Blast Furnace
Battery-acid
1:52 Loom
11:30 Feudal Age
11:55 Horse Collar
12:05 Double-Bit Axe
19:38 Castle Age
18:48 Bloodlines
19:09 Scale Barding Armor
20:33 Town Watch
20:52 Scale Mail Armor
21:33 Bow Saw
22:45 Wheelbarrow
23:06 Heavy Plow
25:44 Hand Cart
28:20 Chain Mail Armor
29:26 Gold Mining
29:33 Stone Mining
29:59 Caravan
29:47 Pikeman
30:41 Forging
34:55 Imperial Age
33:33 Iron Casting
33:04 Squires
32:51 Gambesons
33:30 Masonry
33:56 Vendel Legacy
35:47 Husbandry
35:22 Halberdier
36:30 Heavy Scorpion
39:17 Siege Engineers
41:22 Ballistics
43:39 Plate Mail Armor
44:19 Arson
46:37 Elite Varangian Guard
49:30 Gothikon
50:30 Conscription
51:41 Blast Furnace
古巴比伦掌管迷糊的神
11:47 Feudal Age
15:31 Castle Age
13:31 Double-Bit Axe
14:02 Horse Collar
16:42 Bow Saw
25:07 Wheelbarrow
24:31 Gold Mining
26:43 Hand Cart
26:36 Heavy Plow
26:32 Stone Mining
27:48 Stone Shaft Mining
30:09 Imperial Age
27:55 Scale Barding Armor
28:01 Forging
28:14 Town Watch
28:14 Loom
28:39 Treadmill Crane
30:13 Chain Barding Armor
30:29 Iron Casting
30:17 Husbandry
30:27 Bloodlines
32:12 Chemistry
30:37 Light Cavalry
32:10 Crop Rotation
31:18 Cavalier
31:24 Winged Hussar
33:24 Blast Furnace
33:45 Conscription
33:45 Lechitic Legacy
35:48 Szlachta Privileges
36:19 Hoardings
36:46 Elite Obuch
48:27 Siege Engineers
BangBangBang
0:37 Loom
10:48 Feudal Age
14:56 Castle Age
13:24 Double-Bit Axe
15:50 Horse Collar
21:19 Heavy Plow
21:31 Bow Saw
25:13 Wheelbarrow
27:18 Hand Cart
26:59 Gold Mining
26:59 Stone Mining
30:37 Imperial Age
29:55 Scale Barding Armor
30:15 Bloodlines
30:23 Stone Mining
30:42 Husbandry
30:03 Light Cavalry
31:26 Forging
33:00 Conscription
33:16 Scale Mail Armor
33:30 Crossbowman
34:11 Padded Archer Armor
34:02 Fletching
35:30 Iron Casting
34:25 Pikeman
34:51 Arson
36:11 Crop Rotation
36:43 Chain Barding Armor
36:49 Ballistics
37:10 Bodkin Arrow
37:54 Siege Engineers
37:59 Masonry
39:01 Blast Furnace
38:37 Plate Barding Armor
38:07 Arbalester
40:26 Chemistry
40:50 Double Crossbow
40:34 Hussar
40:46 Capped Ram
40:59 Halberdier
41:58 Bracer
42:13 Leather Archer Armor
42:13 Chain Mail Armor
45:15 Ring Archer Armor
chiming
0:28 Loom
12:04 Feudal Age
16:10 Castle Age
15:31 Double-Bit Axe
17:10 Bow Saw
18:56 Wheelbarrow
18:39 Horse Collar
23:39 Gold Mining
26:00 Heavy Plow
26:19 Hand Cart
26:19 Fortified Wall
27:05 Treadmill Crane
30:02 Imperial Age
28:41 Fletching
28:38 Light Cavalry
29:18 Husbandry
29:48 Murder Holes
29:59 Bodkin Arrow
29:48 Man-at-Arms
30:13 Gambesons
30:29 Squires
32:10 Conscription
33:45 Chemistry
32:52 Bracer
32:53 Padded Archer Armor
35:12 Onager
37:03 Ballistics
36:29 Arrowslits
37:22 Crop Rotation
39:24 Gold Shaft Mining
40:53 Leather Archer Armor
40:44 Scale Barding Armor
40:50 Forging
40:40 Scale Mail Armor
40:04 Hussar
41:46 Long Swordsman
42:23 Two-Handed Swordsman
43:05 Champion
44:39 Iron Casting
44:20 Chain Mail Armor
45:37 Chain Barding Armor
45:48 Ring Archer Armor
46:53 Pikeman
Neymar
0:27 Loom
11:19 Feudal Age
16:04 Castle Age
14:22 Double-Bit Axe
14:20 Horse Collar
25:13 Wheelbarrow
27:15 Bow Saw
32:02 Imperial Age
31:37 Scale Mail Armor
31:38 Padded Archer Armor
31:28 Fletching
31:49 Forging
31:09 Pikeman
31:51 Squires
31:39 Arson
32:39 Hand Cart
33:10 Fortified Wall
33:21 Ballistics
34:02 Chemistry
32:43 Treadmill Crane
33:19 Town Watch
33:19 Halberdier
35:27 Two-Man Saw
34:45 Chain Mail Armor
34:37 Heavy Plow
34:26 Elite Skirmisher
36:10 Plate Mail Armor
35:56 Leather Archer Armor
35:37 Bodkin Arrow
36:17 Iron Casting
36:07 Town Patrol
38:15 Imperial Skirmisher
46:34 Crop Rotation
46:37 Ring Archer Armor
46:07 Bracer
Connection lost

Rejoining the realm…

Still unreachable

The connection could not be restored.

Session expired

The server has moved on; the page needs a fresh start.